 Dungeon Crawl Stone Soup version 0.27-a0-531-gb72ec1a1b6 (webtiles) character file.

Game seed: 12314758458085684665

123162 Zolraag the Warrior (level 16, -15/268 HPs)
             Began as an Ogre Hunter on Mar 4, 2021.
             Was a Believer of Wu Jian.
             Killed from afar by a frost giant (22 damage)
             ... with a bolt of cold
             ... created by the fury of Okawaru
             ... on level 2 of the Orcish Mines on Mar 5, 2021.
             The game lasted 02:04:08 (34899 turns).

Zolraag the Warrior (Ogre Hunter)                  Turns: 34899, Time: 02:04:09

Health: -15/268    AC: 27    Str: 25    XL:     16   Next: 89%
Magic:  22/22      EV: 10    Int: 12    God:    Wu Jian [**....]
Gold:   2888       SH:  0    Dex: 17    Spells: 15/15 levels left

rFire    + . .     SeeInvis .   a - +9 giant spiked club (spect)
rCold    + . .     Faith    .   (shield currently unavailable)
rNeg     + + .     Spirit   .   R - +3 storm dragon scales
rPois    .         Reflect  .   J - +1 hat
rElec    +         Harm     .   K - +2 cloak of the Gardener {rC+ rN++}
rCorr    .         Rampage  .   (gloves unavailable)
Will     +....                  (boots unavailable)
Stlth    ..........             (no amulet)
HPRegen  0.54/turn              f - +6 ring of dexterity
MPRegen  0.18/turn              n - +4 ring of protection

@: berserking, hasted, very quick
A: large, unfitting armour, agile 1, fire resistance 1, tough skin 1
a: Renounce Religion, Wall Jump


You were on level 2 of the Orcish Mines.
You worshipped Wu Jian.
Wu Jian was pleased with you.
You visited 6 branches of the dungeon, and saw 26 of its levels.
You also visited: Sewer.

You collected 3128 gold pieces.
You spent 240 gold pieces at shops.

Inventory:

Hand Weapons
 a - a +9 spectral giant spiked club (weapon)
 b - a +4 vorpal dire flail
 C - the +6 giant club of Abstinence {antimagic, +Rage rC+ Will+ Stlth+}
   (Okawaru gifted it to you on level 15 of the Dungeon)

   It reduces the magical energy of the wielder, and disrupts the spells and
   magical abilities of those hit.
   Natural abilities and divine invocations are not affected.
   It protects you from cold.
   It affects your willpower, your defense against some magical effects.
   It lets you go berserk.
   It makes you more stealthy.
Missiles
 c - 22 large rocks (quivered)
 d - 8 throwing nets
 B - 14 atropa-tipped darts
 F - 24 javelins
 M - 8 silver javelins
Armour
 J - a +1 hat (worn)
 K - the +2 cloak of the Gardener (worn) {rC+ rN++}
   (Okawaru gifted it to you on level 3 of the Lair of Beasts)

   It protects you from cold.
   It greatly protects you from negative energy.
 R - +3 storm dragon scales (worn)
Jewellery
 f - a +6 ring of dexterity (left hand)
 i - a ring of protection from cold
 n - a +4 ring of protection (right hand)
 w - a +6 ring of dexterity
 N - a ring of fire
 O - a +6 ring of intelligence
Wands
 e - a wand of charming (3)
 s - a wand of iceblast (1)
 I - a wand of flame (10)
 P - a wand of random effects (10)
Scrolls
 l - 3 scrolls of vulnerability
 m - 2 scrolls of enchant weapon
 p - 2 scrolls of torment
 t - 3 scrolls of blinking
 x - 2 scrolls of teleportation
 y - 2 scrolls of fog
 A - 6 scrolls of amnesia
 G - 4 scrolls of magic mapping
 T - a scroll of enchant armour
Potions
 g - 2 potions of mutation
 h - 2 potions of might
 j - 11 potions of curing
 k - 2 potions of magic
 o - 6 potions of heal wounds
 q - 4 potions of brilliance
 r - 2 potions of flight
 u - a potion of berserk rage
 v - a potion of cancellation
 z - 4 potions of attraction
 D - 5 potions of lignification
 H - 2 potions of haste
 S - a potion of invisibility


   Skills:
 - Level 16.0 Fighting
 + Level 15.1 Maces & Flails
 - Level 12.0 Throwing
 * Level 10.5 Armour
 + Level 8.5 Dodging
 - Level 0.6 Stealth
 - Level 8.0 Invocations
 - Level 6.0 Evocations


You had 15 spell levels left.
You didn't know any spells.
Your spell library contained the following spells:

 Spells                   Type           Power      Damage    Failure   Level
 Animate Skeleton         Necr           0%         N/A       85%         1
 Apportation              Tloc           0%         N/A       85%         1
 Corona                   Hex            0%         N/A       85%         1
 Foxfire                  Conj/Fire      0%         2x1d4     85%         1
 Freeze                   Ice            0%         1d3       85%         1
 Magic Dart               Conj           0%         1d3       85%         1
 Sting                    Tmut/Pois      0%         1d3       85%         1
 Summon Small Mammal      Summ           0%         N/A       85%         1
 Poisonous Vapours        Pois/Air       0%         N/A       94%         2
 Searing Ray              Conj           0%         3d3       94%         2
 Slow                     Hex            0%         N/A       94%         2
 Conjure Flame            Conj/Fire      0%         6-21      99%         3
 Dazzling Flash           Conj/Hex       0%         N/A       99%         3
 Frozen Ramparts          Ice            0%         1d2       99%         3
 Ignite Poison            Fire/Tmut/Pois 0%         N/A       99%         3
 Inner Flame              Hex/Fire       0%         N/A       99%         3
 Lesser Beckoning         Tloc           0%         N/A       99%         3
 Mephitic Cloud           Conj/Pois/Air  0%         N/A       99%         3
 Ozocubu's Armour         Ice            0%         N/A       99%         3
 Portal Projectile        Hex/Tloc       0%         N/A       99%         3
 Tukima's Dance           Hex            0%         N/A       99%         3
 Cause Fear               Hex            0%         N/A       100%        4
 Fulminant Prism          Conj/Hex       0%         3d6       100%        4
 Hailstorm                Conj/Ice       0%         3d3       100%        4
 Iskenderun's Mystic Bla  Conj/Tloc      0%         2d3       100%        4
 Leda's Liquefaction      Hex/Erth       0%         N/A       100%        4
 Olgreb's Toxic Radiance  Pois           0%         N/A       100%        4
 Sticky Flame             Conj/Fire      0%         2d3       100%        4
 Summon Ice Beast         Ice/Summ       0%         N/A       100%        4
 Alistair's Intoxication  Tmut/Pois      0%         N/A       100%        5
 Fireball                 Conj/Fire      0%         3d3       100%        5
 Invisibility             Hex            0%         N/A       100%        6


Dungeon Overview and Level Annotations

Branches:
Dungeon (15/15)            Temple (1/1) D:5            Lair (6/6) D:9
 Shoals (1/4) Lair:2       Spider (1/4) Lair:3        Slime (0/5) Lair:6
    Orc (2/2) D:12            Elf (0/3) Orc:2        Vaults (0/5) D:14
 Depths (0/5) D:15          Sewer (visited)

Altars:
Ashenzari
Cheibriados
Dithmenos
Elyvilon
Fedhas
Gozag
Hepliaklqana
Kikubaaqudgha
Makhleb
Nemelex Xobeh
Okawaru
Qazlal
Ru
Sif Muna
Trog
Uskayaw
Vehumet
Wu Jian
Xom
Yredelemnul
Zin
The Shining One
Beogh
Jiyva

Shops:
D:9 [   D:13 !

Annotations:
Lair:6 1 runed translucent door, exclusion: oklob plant


Innate Abilities, Weirdness & Mutations

You are too large for most types of armour.
You have tough skin. (AC +1)
You are agile. (Dex +2)
Your flesh is heat resistant. (rF+)


Message History

You closely miss the deep elf blademaster.
The deep elf blademaster is heavily wounded.
Your spectral weapon barely misses the deep elf blademaster.
The deep elf blademaster hits you with a +0 rapier!
* * * LOW HITPOINT WARNING * * *
The deep elf blademaster hits you but does no damage.
The frost giant hits you with a +3 battleaxe of freezing!!
* * * LOW HITPOINT WARNING * * *
The frost giant freezes you.
* * * LOW HITPOINT WARNING * * *
The frost giant hits your spectral weapon with a +3 battleaxe of freezing!!
Your spectral weapon shares its damage with you!
The frost giant freezes your spectral weapon.
* * * LOW HITPOINT WARNING * * *
Unknown command.
You bludgeon the deep elf blademaster!!
The deep elf blademaster is almost dead.
Your spectral weapon misses the deep elf blademaster.
The deep elf blademaster hits you with a +0 rapier.
* * * LOW HITPOINT WARNING * * *
The deep elf blademaster hits you with a +0 rapier!
* * * LOW HITPOINT WARNING * * *
Unknown command.
You completely miss the deep elf blademaster.
The deep elf blademaster is almost dead.
Your spectral weapon misses the deep elf blademaster.
The deep elf blademaster hits you but does no damage. x2
The frost giant points at you and mumbles some strange words.
The bolt of cold hits you!! You resist.
* * * LOW HITPOINT WARNING * * *
Unknown command.
You are too berserk!
You closely miss the deep elf blademaster.
The deep elf blademaster is severely wounded.
Your spectral weapon completely misses the deep elf blademaster.
The deep elf blademaster misses you.
The deep elf blademaster hits you but does no damage.
The frost giant gestures at you while chanting.
The bolt of cold hits you!! You resist.
You die...

##.###.#)).).......
##........).........
##.........).).......
#.......#............
##........#..........
#....).)............
##.#.#.....#........
##.(e.#.##.........
##@CQ...#.........
###.............. #
##.#.#>. # ######.
### ..# ###


You could see a deep elf blademaster, a frost giant, a tengu warrior and a
friendly +9 spectral giant spiked club (summoned).

Vanquished Creatures
  Rupert (D:12)
  A titan (Orc:2)
  Frances (D:12)
  An orc warlord (D:12)
  Louise (Shoals:1)
  Nessos (D:12)
  2 merfolk impalers (Shoals:1)
  Josephine (D:12)
  Fannar (Lair:2)
  A rakshasa (D:14)
  A vault guard (D:14)
  3 boulder beetles
  2 satyrs (Shoals:1)
  4 hydras
  2 merfolk avatars (Shoals:1)
  3 centaur warriors
  2 ogre magi (D:15)
  3 merfolk aquamancers (Shoals:1)
  2 death knights
  A death yak (Lair:2)
  14 two-headed ogres
  An alligator snapping turtle (Shoals:1)
  The ghost of dbrn the Destroyer, a journeyman KoCj of Sif Muna (Orc:1)
  A tengu warrior (D:14)
  2 orc high priests
  Urug (Orc:1)
  A fire crab (Lair:5)
  An unseen horror (D:15)
  2 sea snakes (Shoals:1)
  A deep elf archer (D:15)
  A wizard (D:15)
  A phantasmal warrior (D:12)
  5 orc knights
  2 deep elf pyromancers (D:13)
  8 ugly things
  A deep elf zephyrmancer (D:15)
  10 orc sorcerers
  5 manticores
  A wolf spider (Lair:3)
  4 water nymphs (Shoals:1)
  9 fauns (Shoals:1)
  6 merfolk sirens (Shoals:1)
  14 elephants
  27 cane toads
  3 gargoyles
  Maggie (Lair:2)
  A torpor snail (Lair:2)
  A freezing wraith (D:12)
  9 komodo dragons
  A rime drake (Lair:5)
  11 merfolk
  7 trolls
  3 tyrant leeches
  A wind drake (Shoals:1)
  5 polar bears
  3 meliai (D:14)
  A hornet (D:9)
  27 blink frogs
  Grinder (D:3)
  10 dream sheep (Lair:6)
  A meliai zombie (D:12)
  A redback (Lair:3)
  8 wraiths
  2 wyverns
  9 water elementals (Shoals:1)
  49 yaks
  5 basilisks
  3 steam dragons
  7 vampire mosquitoes
  Grum (D:11)
  Menkaure (D:6)
  3 wargs
  A soldier ant (D:11)
  The ghost of TimeIsEndless the Sneak, an amateur OpEE (D:6)
  An acid dragon (D:11)
  14 water moccasins
  5 ice beasts
  42 orc warriors
  5 sky beasts
  7 black bears
  A necrophage (D:9)
  An eye of draining (D:12)
  15 centaurs
  16 ogres
  A wolf (shapeshifter) (D:14)
  14 wolves
  5 kobold brigands
  30 bullfrogs
  Blork the orc (D:5)
  2 wyvern skeletons
  5 scorpions
  3 killer bees (D:11)
  18 wights
  7 howler monkeys
  3 bullfrog zombies
  2 electric eels (Lair:6)
  2 centaur zombies
  4 hounds
  A wyvern simulacrum (D:6)
  3 jellies
  A quasit (D:10)
  4 bullfrog skeletons
  31 orc priests
  3 centaur skeletons
  4 iguanas
  42 orc wizards
  14 worker ants
  A centaur simulacrum (D:6)
  3 hound skeletons
  2 worker ant zombies
  Robin (D:2)
  7 gnolls
  12 adders
  4 river rats
  A hound simulacrum (D:6)
  2 shadow imps
  A white imp (D:5)
  4 ufetubi
  4 oozes
  4 worms
  2 dart slugs (D:1)
  6 leopard geckos
  96 orcs
  5 ball pythons (Sewer)
  9 giant cockroaches
  19 goblins
  12 hobgoblins
  10 jackals
  A quokka (D:3)
  10 bats
  4 frilled lizards
  A jackal simulacrum (D:6)
  41 kobolds
  A leopard gecko skeleton (D:5)
  A quokka simulacrum (D:6)
  25 rats
  A butterfly (D:5)
927 creatures vanquished.

Vanquished Creatures (others)
  A wizard (D:15)
  2 orc wizards
  An orc (Orc:1)
  92 fungi
  179 plants
275 creatures vanquished.

Grand Total: 1202 creatures vanquished

Notes
Turn   | Place    | Note
-------+----------+-------------------------------------------
     0 | D:1      | Zolraag the Ogre Hunter began the quest for the Orb.
     0 | D:1      | Reached XP level 1. HP: 22/22 MP: 1/1
    61 | D:1      | Reached skill level 3 in Fighting
   363 | D:1      | Reached XP level 2. HP: 32/32 MP: 2/2
   414 | D:1      | Reached skill level 4 in Fighting
   662 | D:1      | Reached XP level 3. HP: 40/40 MP: 3/3
  1101 | D:2      | Reached skill level 5 in Fighting
  1493 | D:2      | Noticed Robin
  1495 | D:2      | Gained mutation: You are agile. (Dex +2) [potion of
                  | mutation]
  1495 | D:2      | Gained mutation: Your flesh is heat resistant. (rF+)
                  | [potion of mutation]
  1803 | D:2      | Killed Robin
  1839 | D:2      | Reached XP level 4. HP: 50/50 MP: 4/4
  2012 | D:2      | Reached skill level 6 in Fighting
  2563 | D:2      | Reached XP level 5. HP: 46/61 MP: 5/5
  2809 | D:2      | Reached skill level 7 in Fighting
  3618 | D:3      | Reached XP level 6. HP: 38/72 MP: 6/6
  4049 | D:3      | Reached skill level 8 in Fighting
  4669 | D:3      | Reached skill level 5 in Throwing
  4803 | D:3      | Reached XP level 7. HP: 81/81 MP: 7/7
  5120 | D:3      | Found an ornate altar of the Wu Jian Council.
  5186 | D:4      | Noticed Grinder
  5186 | D:4      | Paralysed by Grinder for 2 turns
  5191 | D:3      | Paralysed by Grinder for 7 turns
  5202 | D:3      | Killed Grinder
  5203 | D:3      | Reached skill level 9 in Fighting
  6329 | D:4      | Found a glowing golden altar of the Shining One.
  6374 | D:4      | Reached XP level 8. HP: 93/93 MP: 8/8
  6530 | D:4      | Reached skill level 10 in Fighting
  6728 | D:5      | Entered Level 5 of the Dungeon
  6767 | D:5      | Found a staircase to the Ecumenical Temple.
  6771 | Temple   | Entered the Ecumenical Temple
  6846 | Temple   | Became a worshipper of Warmaster Okawaru
  6993 | D:5      | Found a stormy altar of Qazlal.
  7002 | D:5      | Noticed Blork the orc
  7003 | D:5      | Killed Blork the orc
  7105 | D:5      | Found an opulent altar of Gozag.
  7109 | D:5      | Found a shadowy altar of Dithmenos.
  7111 | D:5      | Found an ancient bone altar of Kikubaaqudgha.
  7301 | D:5      | Found a glowing drain.
  7305 | Sewer    | Entered a sewer
  7568 | Sewer    | Reached skill level 1 in Invocations
  8860 | D:5      | Reached skill level 11 in Fighting
  8955 | D:5      | Found a hazy altar of Hepliaklqana.
  8965 | D:5      | Reached * piety under Okawaru
  9388 | D:6      | Reached XP level 9. HP: 101/105 MP: 11/11
  9396 | D:6      | Noticed TimeIsEndless's ghost (amateur OpEE)
  9496 | D:6      | Noticed Menkaure
  9498 | D:6      | Killed Menkaure
  9668 | D:6      | Found a runed translucent gate.
  9668 | D:6      | Found a runed translucent gate.
  9668 | D:6      | Found a runed translucent gate.
  9962 | D:6      | Reached skill level 1 in Maces & Flails
 10299 | D:6      | Reached ** piety under Okawaru
 10864 | D:7      | Reached skill level 5 in Invocations
 12636 | D:8      | Reached XP level 10. HP: 108/114 MP: 14/14
 12942 | D:9      | Reached *** piety under Okawaru
 13105 | D:9      | Reached skill level 5 in Dodging
 13117 | D:9      | Reached skill level 1 in Armour
 13176 | D:9      | Reached skill level 12 in Fighting
 13391 | D:9      | Found a staircase to the Lair.
 13399 | D:9      | Found a burning altar of Makhleb.
 13623 | D:9      | Found Utosifigu's Specialty Armours.
 13636 | D:9      | Reached **** piety under Okawaru
 13650 | D:9      | Received a gift from Okawaru
 13851 | D:10     | Entered Level 10 of the Dungeon
 14111 | D:10     | Noticed a two-headed ogre
 14126 | D:10     | Killed a two-headed ogre
 14127 | D:10     | Reached skill level 5 in Maces & Flails
 14127 | D:10     | Reached XP level 11. HP: 124/124 MP: 15/15
 15205 | D:11     | Noticed Grum
 15208 | D:11     | Killed Grum
 15208 | D:11     | Received a gift from Okawaru
 15543 | Lair:1   | Entered Level 1 of the Lair of Beasts
 15815 | Lair:1   | Reached ***** piety under Okawaru
 16033 | Lair:1   | Reached skill level 13 in Fighting
 16084 | Lair:1   | Received a gift from Okawaru
 17030 | Lair:2   | Noticed Maggie
 17048 | Lair:2   | Killed Maggie
 17107 | Lair:2   | Reached XP level 12. HP: 116/136 MP: 16/16
 17119 | Lair:2   | Received a gift from Okawaru
 17186 | Lair:1   | Reached skill level 10 in Throwing
 17360 | Lair:2   | Noticed a death yak
 17367 | Lair:2   | Killed a death yak
 17672 | Lair:2   | Noticed Fannar
 17705 | Lair:2   | Killed Fannar
 17841 | Lair:2   | Found a staircase to the Shoals.
 17891 | Lair:2   | Reached skill level 14 in Fighting
 18686 | Lair:3   | Reached skill level 10 in Maces & Flails
 18783 | Lair:3   | Found a hole to the Spider Nest.
 18805 | Lair:3   | Identified the +2 cloak of the Gardener {rC+ rN++} (Okawaru
                  | gifted it to you on level 3 of the Lair of Beasts)
 18805 | Lair:3   | Received a gift from Okawaru
 19091 | D:6      | Killed TimeIsEndless's ghost
 19382 | Lair:3   | Reached XP level 13. HP: 71/148 MP: 14/17
 20489 | Lair:4   | Reached skill level 15 in Fighting
 22168 | Lair:6   | Entered Level 6 of the Lair of Beasts
 22185 | Lair:5   | Reached ****** piety under Okawaru
 22246 | Lair:6   | Received a gift from Okawaru
 22303 | Lair:6   | Upgraded the game from 0.27-a0-520-gb83adbd1c9 to
                  | 0.27-a0-531-gb72ec1a1b6
 22598 | Lair:6   | Reached XP level 14. HP: 127/159 MP: 18/18
 23289 | Lair:6   | Received a gift from Okawaru
 23477 | Lair:6   | Found a runed translucent door.
 23477 | Lair:6   | Found a viscous altar of Jiyva.
 23477 | Lair:6   | Noticed an acid blob
 23481 | Lair:6   | Found a staircase to the Slime Pits.
 23481 | Lair:6   | Noticed an acid blob
 23701 | Lair:6   | Received a gift from Okawaru
 23702 | Lair:6   | Reached skill level 1 in Evocations
 24117 | Lair:6   | Received a gift from Okawaru
 24429 | D:12     | Noticed Frances
 24449 | D:12     | Killed Frances
 24449 | D:12     | Received a gift from Okawaru
 24543 | D:12     | Found a staircase to the Orcish Mines.
 24737 | D:12     | Received a gift from Okawaru
 24823 | D:12     | Noticed an orc warlord
 24827 | D:12     | Noticed Rupert
 24833 | D:12     | Killed an orc warlord
 24835 | D:12     | Killed Rupert
 25012 | D:12     | Reached XP level 15. HP: 122/167 MP: 21/21
 25528 | D:12     | Found a shimmering blue altar of Sif Muna.
 25629 | D:12     | Noticed Nessos
 25636 | D:12     | Killed Nessos
 25637 | D:12     | Reached skill level 5 in Armour
 25783 | D:12     | Noticed Josephine
 25797 | D:12     | Killed Josephine
 25945 | D:13     | Reached skill level 5 in Evocations
 26409 | D:13     | Received a gift from Okawaru
 26483 | D:13     | Found Segosch's Distillery.
 26492 | D:13     | Bought a potion of curing for 45 gold pieces
 26492 | D:13     | Bought a potion of heal wounds for 75 gold pieces
 26492 | D:13     | Bought a potion of cancellation for 120 gold pieces
 27073 | D:14     | Received a gift from Okawaru
 27080 | D:14     | Received a gift from Okawaru
 27206 | D:14     | Reached skill level 16 in Fighting
 27283 | D:14     | Found a shimmering blue altar of Sif Muna.
 28265 | D:14     | Found a gate to the Vaults.
 28327 | D:15     | Entered Level 15 of the Dungeon
 28559 | D:15     | Identified the +6 giant club of Abstinence {antimagic,
                  | +Rage rC+ Will+ Stlth+} (Okawaru gifted it to you on level
                  | 15 of the Dungeon)
 28559 | D:15     | Received a gift from Okawaru
 29051 | D:15     | Found a staircase to the Depths.
 29306 | D:15     | Reached XP level 16. HP: 179/179 MP: 5/22
 29320 | D:15     | Received a gift from Okawaru
 29952 | Spider:1 | Entered Level 1 of the Spider Nest
 30334 | Shoals:1 | Entered Level 1 of the Shoals
 30382 | Shoals:1 | Noticed Louise
 30389 | Shoals:1 | Killed Louise
 30472 | Shoals:1 | Received a gift from Okawaru
 30520 | Shoals:1 | Received a gift from Okawaru
 32421 | Shoals:1 | Reached skill level 10 in Armour
 32837 | Orc:1    | Entered Level 1 of the Orcish Mines
 32870 | Orc:1    | Received a gift from Okawaru
 33068 | Orc:2    | Entered Level 2 of the Orcish Mines
 33436 | D:3      | Fell from the grace of Okawaru
 33436 | D:3      | Became a worshipper of the Wu Jian Council
 33736 | Orc:1    | Noticed Urug
 33741 | Orc:1    | Killed Urug
 33820 | Orc:1    | Reached skill level 15 in Maces & Flails
 33899 | Orc:1    | Found a runed translucent gate.
 33899 | Orc:1    | Found a runed translucent gate.
 33899 | Orc:1    | Found a runed translucent gate.
 34013 | Orc:1    | Noticed dbrn's ghost (journeyman KoCj)
 34031 | Orc:1    | Killed dbrn's ghost
 34362 | Orc:2    | Reached * piety under Wu Jian
 34810 | Orc:2    | Paralysed by an orc sorcerer for 6 turns
 34841 | Orc:2    | Reached ** piety under Wu Jian
 34860 | Orc:2    | Found a staircase to the Elven Halls.
 34886 | Orc:2    | Noticed a deep elf blademaster
 34886 | Orc:2    | Noticed a titan
 34891 | Orc:2    | Killed a titan
 34898 | Orc:2    | HP: 7/268 [frost giant/bolt of cold[the fury of Okawaru]
                  | (22)]
 34899 | Orc:2    | Killed from afar by a frost giant

Illustrated notes

Levels and vault maps discovered:
D:1:      dpeg_arrival_three_same_balls, layout_rooms
D:2:      layout_basic, columned_hall_lemuel, kennysheep_pointless_box,
          minmay_misc_feat_x, uniq_robin
D:3:      layout_rooms, general_overflow_altar, grunt_ministairs_3
D:4:      minmay_wonky_spiral, layout_layer_cave, tso_altar, uniq_grinder
D:5:      layout_basic, nicolae_overflow_quartered_altars,
          minmay_temple_entry_butterflies, gup_sewer_entry_bowl,
          grunt_qazlal_clouds, uniq_blork_the_orc
D:6:      layout_cave_pools, gammafunk_ghost_icy,
          minmay_fractal_squares_gapless_5, uniq_menkaure
D:7:      layout_rooms
D:8:      layout_gridville
D:9:      layout_loops_ring, makhleb_heckhound_becter,
          due_lair_maze_entry_diamond, roderic_roman_lattice,
          nicolae_barding_shop
D:10:     layout_roguey
D:11:     layout_loops_corners, uniq_grum
D:12:     orc_temple, layout_small_grid, david_orc_5, basic_altar,
          dk_noncrumbling_4, uniq_frances, uniq_rupert, uniq_josephine,
          uniq_nessos
D:13:     layout_long_grid, serial_shops, shop_statue
D:14:     layout_small_grid, david_vaults_5, tgw_sif
D:15:     grunt_enter_depths_magical_seal, layout_long_grid,
          chequers_serial_rivers_large_b
Temple:   eino_temple_rhombus
Lair:1:   beast_lair_carwin_large_1, layout_cellular_growth
Lair:2:   layout_hall_layers, elwin_shoals_entry_stream, serial_bayou_shore_a,
          uniq_fannar, uniq_maggie
Lair:3:   layout_big_grid, nicolae_spider_entry_non_spiders, st_stairs_10,
          grunt_megastairs_5
Lair:4:   layout_small_grid, serial_bayou_ford_a, grunt_megastairs_3
Lair:5:   layout_cave_pods
Lair:6:   minmay_lair_end_frog_pond, layout_loops_ring, slime_altar_2
Shoals:1: layout_shoals, uniq_louise
Spider:1: layout_spider_delve, worms_lemuel
Orc:1:    layout_diamond_mine, ebering_ghost_rock_garden,
          nicolae_orc_tapped_out, uniq_urug
Orc:2:    st_orc_mages, layout_diamond_mine

Skill      XL: |  1  2  3  4  5  6  7  8  9 10 11 12 13 14 15 16 |
---------------+-------------------------------------------------+-----
Fighting       | 3 4 5 6 7 8 9 11 12 13 14 15 16 | 16.0
Throwing       | 5 6 7 8 9 11 12 | 12.0
Invocations    | 3 5 6 8 |  8.0
Dodging        | 2 4 6 7 8 |  8.5
Maces & Flails | 2 5 7 10 12 14 15 | 15.1
Armour         | 3 4 7 10 | 10.5
Evocations     | 4 6 |  6.0
Stealth        | |  0.6

Action                   |  1- 3 |  4- 6 |  7- 9 | 10-12 | 13-15 | 16-18 || total
-------------------------+-------+-------+-------+-------+-------+-------++-------
Melee: Short sword       |    97 |    90 |       |       |       |       ||   187
       Trident           |       |    95 |     8 |       |       |       ||   103
       Dagger            |       |       |   271 |       |       |       ||   271
       Mace              |       |       |    32 |     7 |       |       ||    39
       Flail             |       |       |   204 |   769 |       |       ||   973
       Punch             |       |       |       |     6 |       |       ||     6
       Dire flail        |       |       |       |    81 |  1037 |       ||  1118
       Giant club        |       |       |       |       |    67 |    82 ||   149
       Giant spiked club |       |       |       |       |       |   199 ||   199
Throw: Stone             |    24 |    15 |       |       |       |       ||    39
       Javelin           |     5 |     4 |     6 |    25 |    63 |    23 ||   126
       Large rock        |     2 |     5 |     4 |    15 |    33 |    32 ||    91
       Dart              |       |       |       |    10 |       |       ||    10
       Throwing net      |       |       |       |       |       |     1 ||     1
Invok: Heroism           |       |       |     1 |    13 |    16 |     6 ||    36
       Finesse           |       |       |       |       |     9 |     3 ||    12
       Lunge             |       |       |       |       |       |    20 ||    20
       Whirlwind         |       |       |       |       |       |    16 ||    16
Evoke: Wand              |       |       |       |     3 |     6 |    20 ||    29
  Use: Scroll            |     5 |       |     6 |     8 |     9 |     9 ||    37
       Potion            |     1 |     1 |     1 |     1 |     4 |    12 ||    20
 Stab: Sleeping          |       |       |     5 |     2 |     1 |       ||     8
       Distracted        |       |       |       |       |     1 |     1 ||     2
Armor: Robe              |    36 |    58 |   179 |     4 |       |       ||   277
       Troll leather arm |       |       |     3 |   355 |   204 |       ||   562
       Storm dragon scal |       |       |       |       |   359 |   173 ||   532
Dodge: Dodged            |    57 |   103 |   343 |   778 |   532 |   123 ||  1936
       Repelled          |       |       |       |     1 |       |       ||     1

Table legend: (Time is in decaauts)
 A = Elapsed time spent in this place.
 B = Non-inter-level travel time spent in this place.
 C = Inter-level travel time spent in this place.
 D = Time resting spent in this place.
 E = Time spent auto-exploring this place.
 F = Levels seen in this place.
 G = Mean time per level.
                   A        B        C        D        E       F      G
               +--------+--------+--------+--------+--------+-----+--------+
         Total |  34791 |  31659 |   3132 |   6521 |  16973 |  27 | 1288.6 |
       Dungeon |  21272 |  19048 |   2224 |   4033 |  10125 |  15 | 1418.1 |
        Temple |    220 |    204 |     16 |      0 |    193 |   1 |  220.0 |
          Lair |   8423 |   7702 |    721 |   1133 |   4673 |   6 | 1403.8 |
        Shoals |   2319 |   2232 |     87 |    978 |    798 |   1 | 2319.0 |
   Spider Nest |      9 |      9 |      0 |      0 |      0 |   1 |    9.0 |
  Orcish Mines |   1550 |   1468 |     82 |     36 |    888 |   2 |  775.0 |
         Sewer |    996 |    996 |      0 |    340 |    295 |   1 |  996.0 |
               +--------+--------+--------+--------+--------+-----+--------+

Top non-repeatable levels by time:
     D:2: 2500 daAuts
Shoals:1: 2319 daAuts
     D:3: 1878 daAuts
     D:6: 1728 daAuts
  Lair:5: 1644 daAuts
    D:12: 1622 daAuts
  Lair:1: 1561 daAuts
    D:15: 1487 daAuts
  Lair:3: 1439 daAuts
     D:8: 1427 daAuts
  Lair:2: 1414 daAuts
     D:1: 1394 daAuts
     D:5: 1371 daAuts
     D:9: 1327 daAuts
  Lair:6: 1298 daAuts
